 Dungeon Crawl Stone Soup version 0.28-b1-78-gc65acfa365 (webtiles) character file.

Game seed: 5069690839156442940

49 Awezug the Shooter (level 3, -3/21 HPs)
             Began as a Deep Elf Hunter on Feb 4, 2022.
             Succumbed to an adder's poison
             ... on level 2 of the Dungeon.
             The game lasted 00:08:10 (1440 turns).

Awezug the Shooter (Deep Elf Hunter)                Turns: 1440, Time: 00:08:10

Health: -3/21      AC:  3    Str:  9    XL:     3   Next: 51%
Magic:  5/5        EV: 12    Int: 15    God:
Gold:   57         SH:  0    Dex: 17    Spells: 2/2 levels left

rFire   . . .      SeeInvis .   b - +0 short sword
rCold   . . .      Faith    .   (no shield)
rNeg    . . .      Spirit   .   c - +0 leather armour
rPois   .          Reflect  .   (no helmet)
rElec   .          Harm     .   (no cloak)
rCorr   .          Rampage  .   (no gloves)
Will    .....                   (no boots)
Stlth   ++........              (no amulet)
HPRegen 0.07/turn               (no ring)
MPRegen 0.09/turn               (no ring)

@: mighty, lethally poisoned (-3 -> -20)
A: no striking features
a: no special abilities


You were on level 2 of the Dungeon.
You visited 1 branch of the dungeon, and saw 2 of its levels.

You collected 57 gold pieces.

Inventory:

Hand Weapons
 a - a +1 shortbow
 b - a +0 short sword (weapon)
Missiles
 d - 44 arrows
Armour
 c - a +0 leather armour (worn)
Wands
 i - a wand of flame (24)
Scrolls
 f - a scroll of immolation
 h - 2 scrolls of identify {unknown}
Potions
 e - 2 potions of curing {unknown}


   Skills:
 + Level 2.1 Fighting
 + Level 5.7 Bows
 + Level 3.1 Dodging
 + Level 2.6 Stealth


You had 2 spell levels left.
You didn't know any spells.
Your spell library was empty.

Dungeon Overview and Level Annotations

Branches:
Dungeon (2/15)

Altars:


Message History

The adder barely misses you. The adder bites you.
You are poisoned.
The adder poisons you!
You barely miss the adder.
The adder is lightly wounded.
You feel sick. The adder closely misses you.
You barely miss the adder.
The adder is lightly wounded.
You feel sick. The adder barely misses you.
The adder bites you but does no damage.
You closely miss the adder.
The adder is lightly wounded.
You feel sick. The adder completely misses you.
You hit the adder but do no damage.
The adder is lightly wounded.
You feel sick. The adder bites you.
You are more poisoned.
The adder poisons you! The adder barely misses you.
You are too injured to fight recklessly!
You are too injured to fight recklessly!
You are too injured to fight recklessly!
You are too injured to fight recklessly!
You feel sick. The adder misses you.
You barely miss the adder.
The adder is lightly wounded.
* * * LOW HITPOINT WARNING * * *
You feel sick. The adder bites you.
* * * LOW HITPOINT WARNING * * *
You are lethally poisoned!
The adder poisons you!
You feel very mighty all of a sudden.
* * * LOW HITPOINT WARNING * * *
You feel very sick. The adder bites you.
* * * LOW HITPOINT WARNING * * *
You are more poisoned.
The adder poisons you! The adder misses you.
You hit the adder.
The adder is moderately wounded.
You die...

#. #. #. ## #.
...############
# #.
..?...........#
. #.
.........†....#
#. #.
(..(..S.......#
#.####.
.......@......#
#......
..............#
#......
............†.#
#......
..............#
#......
..............#
#......
..............#
#......
###...........#
#......
#...........#
#......
#...........#
####.#.


You could see an adder.

Vanquished Creatures
  A worm (D:2)
  2 dart slugs
  3 bats (D:1)
  3 endoplasms
  4 giant cockroaches (D:1)
  A goblin (D:1)
  5 hobgoblins
  3 jackals (D:1)
  2 kobolds (D:1)
  A quokka (D:1)
  6 ball pythons
  3 frilled lizards (D:1)
  5 rats (D:1)
39 creatures vanquished.

Notes
Turn   | Place    | Note
-------+----------+-------------------------------------------
     0 | D:1      | Awezug the Deep Elf Hunter began the quest for the Orb.
     0 | D:1      | Reached XP level 1. HP: 12/12 MP: 3/3
    62 | D:1      | Found a faded altar of an unknown god.
    69 | D:1      | Reached XP level 2. HP: 17/17 MP: 4/4
   681 | D:1      | Reached XP level 3. HP: 21/21 MP: 5/5
  1439 | D:2      | HP: 1/21 [adder (1)]
  1440 | D:2      | Succumbed to an adder's poison

Illustrated notes

Levels and vault maps discovered:
D:1:      dpeg_arrival_stonehenge_12_columns, layout_basic,
          hellmonk_ecumenical_altar_blasted, minmay_domino_4
D:2:      wad_pebble_path, layout_basic

Skill      XL: |  1  2  3 |
---------------+----------+-----
Stealth        | 2 |  2.6
Fighting       | 2 |  2.1
Dodging        | 3 |  3.1
Bows           | |  5.7

Action                   || total
-------------------------++-------
Melee: Short sword       ||    24
       Punch             ||     1
 Fire: Shortbow          ||    87
  Use: Potion            ||     2
Armor: Leather armour    ||    10
Dodge: Dodged            ||    19
